MLB
SAN DIEGO PADRES @ SAN FRANCISCO GIANTS
10/09/2047
 
TOP OF THE 1ST
San Diego Padres batting - Pitching for San Francisco Giants : RHP Ted Mosley
Pitching: RHP Ted Mosley
Batting: RHB Dietmar Warmisch 0-0: Ball
1-0: Called Strike
1-1: Foul Ball, location: 2F
1-2: Foul Ball, location: 2F
1-2: Foul Ball, location: 2F
1-2: Foul Ball, location: 2F
1-2: Foul Ball, location: 2F
1-2: Ball
2-2: Fly out, F8 (Flyball, 8LM, EV 85.0 MPH)
Batting: SHB Phil Zacharia 0-0: Ball
1-0: Foul Ball, location: 2F
1-1: Called Strike
1-2: Fly out, F9 (Flyball, 89D, EV 73.1 MPH)
Batting: RHB Sébastien Piat 0-0: Ball
1-0: Fly out, F9 (Flyball, 9, EV 93.8 MPH)
Top of the 1st over - 0 runs, 0 hits, 0 errors, 0 left on base; San Diego 0 - San Francisco 0
BOTTOM OF THE 1ST
San Francisco Giants batting - Pitching for San Diego Padres : RHP Adam Thompson
Pitching: RHP Adam Thompson
Batting: RHB Nick Rigden 0-0: Ball
1-0: Foul Ball, location: 2F
1-1: Foul Ball, location: 2F
1-2: SINGLE (Line Drive, 7LS, EV 96.2 MPH)
Batting: RHB Bobby Ayala 0-0: Grounds into double play, 5-4-3 (Groundball, 56S, EV 83.1 MPH)
Batting: RHB Sean Zielinski 0-0: Ball
1-0: Ground out 4-3 (Groundball, 4, EV 84.4 MPH)
Bottom of the 1st over - 0 runs, 1 hit, 0 errors, 0 left on base; San Diego 0 - San Francisco 0
TOP OF THE 2ND
San Diego Padres batting - Pitching for San Francisco Giants : RHP Ted Mosley
Batting: LHB Mike Holt 0-0: Swinging Strike
0-1: Ball
1-1: Ball
2-1: Foul Ball, location: 2F
2-2: Ball
3-2: Ground out 4-3 (Groundball, 4, EV 76.2 MPH)
Batting: RHB Manny Vergara 0-0: Called Strike
0-1: Swinging Strike
0-2: Strikes out looking
Batting: LHB Aaron LeBlanc 0-0: Ball
1-0: Foul Ball, location: 2F
1-1: Fly out, F8 (Flyball, 8RD, EV 84.4 MPH)
Top of the 2nd over - 0 runs, 0 hits, 0 errors, 0 left on base; San Diego 0 - San Francisco 0
BOTTOM OF THE 2ND
San Francisco Giants batting - Pitching for San Diego Padres : RHP Adam Thompson
Batting: LHB Jack Henningar 0-0: Ground out 1-3 (Groundball, 15S, EV 60.6 MPH)
Batting: SHB Ryan Doss 0-0: Called Strike
0-1: Ball
1-1: Swinging Strike
1-2: SINGLE (Groundball, 23, EV 69.4 MPH) (infield hit)
Batting: LHB Carey Horncole 0-0: Grounds into double play, 6-4-3 (Groundball, 6, EV 94.4 MPH)
Bottom of the 2nd over - 0 runs, 1 hit, 0 errors, 0 left on base; San Diego 0 - San Francisco 0
TOP OF THE 3RD
San Diego Padres batting - Pitching for San Francisco Giants : RHP Ted Mosley
Batting: RHB Jorge Severiano 0-0: Called Strike
0-1: Ground out 5-3 (Groundball, 5L, EV 78.1 MPH)
Batting: LHB Ryan Flynn Jr. 0-0: Called Strike
0-1: Called Strike
0-2: Ball
1-2: Strikes out looking
Batting: RHB Chiel Palstermans 0-0: Ball
1-0: Ball
2-0: Called Strike
2-1: Called Strike
2-2: Strikes out swinging
Top of the 3rd over - 0 runs, 0 hits, 0 errors, 0 left on base; San Diego 0 - San Francisco 0
BOTTOM OF THE 3RD
San Francisco Giants batting - Pitching for San Diego Padres : RHP Adam Thompson
Batting: SHB Bill Dooms 0-0: Ball
1-0: Ball
2-0: Called Strike
2-1: Foul Ball, location: 2F
2-2: Foul Ball, location: 2F
2-2: Ball
3-2: Fly out, F8 (Line Drive, 8RD, EV 92.5 MPH)
Batting: LHB Tom Best 0-0: Called Strike
0-1: Ball
1-1: Foul Ball, location: 2F
1-2: Strikes out swinging
Batting: LHB John Blair 0-0: Foul Ball, location: 2F
0-1: Swinging Strike
0-2: Foul Ball, location: 2F
0-2: SOLO HOME RUN (Flyball, 9LD, EV 95.0 MPH), Distance : 351 ft
Batting: RHB Nick Rigden 0-0: Ball
1-0: Ground out 5-3 (Groundball, 5, EV 83.1 MPH)
Bottom of the 3rd over - 1 run, 1 hit, 0 errors, 0 left on base; San Diego 0 - San Francisco 1
TOP OF THE 4TH
San Diego Padres batting - Pitching for San Francisco Giants : RHP Ted Mosley
Batting: RHB Dietmar Warmisch 0-0: Fly out, F8 (Flyball, 8LD, EV 100.6 MPH)
Batting: SHB Phil Zacharia 0-0: SOLO HOME RUN (Flyball, 78XD, EV 100.0 MPH), Distance : 411 ft
Batting: RHB Sébastien Piat 0-0: Swinging Strike
0-1: Ball
1-1: Called Strike
1-2: Ball
2-2: Fly out, F8 (Flyball, 8RS, EV 85.0 MPH)
Batting: LHB Mike Holt 0-0: Swinging Strike
0-1: Foul Ball, location: 2F
0-2: Ball
1-2: Foul Ball, location: 2F
1-2: Strikes out swinging
Top of the 4th over - 1 run, 1 hit, 0 errors, 0 left on base; San Diego 1 - San Francisco 1
BOTTOM OF THE 4TH
San Francisco Giants batting - Pitching for San Diego Padres : RHP Adam Thompson
Batting: RHB Bobby Ayala 0-0: Ball
1-0: Swinging Strike
1-1: Ball
2-1: Foul Ball, location: 2F
2-2: Ground out 5-3 (Groundball, 56, EV 106.9 MPH)
Batting: RHB Sean Zielinski 0-0: Foul Ball, location: 3F, Error on foul ball, E3
0-1: Foul Ball, location: 2F
0-2: Ball
1-2: Fly out, F4 (Popup, 34S, EV 81.2 MPH)
Batting: LHB Jack Henningar 0-0: Ground out 4-3 (Groundball, 4, EV 88.1 MPH)
Bottom of the 4th over - 0 runs, 0 hits, 1 error, 0 left on base; San Diego 1 - San Francisco 1
TOP OF THE 5TH
San Diego Padres batting - Pitching for San Francisco Giants : RHP Ted Mosley
Batting: RHB Manny Vergara 0-0: Called Strike
0-1: DOUBLE (Line Drive, 5D, EV 96.2 MPH)
Batting: LHB Aaron LeBlanc 0-0: Foul Ball, location: 2F
0-1: Ball
1-1: Called Strike
1-2: Ball
2-2: Strikes out looking
Batting: RHB Jorge Severiano 0-0: Ground out 6-3 (Groundball, 6, EV 86.2 MPH)
Manny Vergara to third
Batting: LHB Ryan Flynn Jr. 0-0: Intentional Walk
Batting: RHB Chiel Palstermans 0-0: Called Strike
0-1: Fly out, F8 (Flyball, 8RD, EV 100.0 MPH)
Top of the 5th over - 0 runs, 1 hit, 0 errors, 2 left on base; San Diego 1 - San Francisco 1
BOTTOM OF THE 5TH
San Francisco Giants batting - Pitching for San Diego Padres : RHP Adam Thompson
Batting: SHB Ryan Doss 0-0: Called Strike
0-1: Ball
1-1: Ball
2-1: Foul Ball, location: 2F
2-2: Ball
3-2: Ground out 4-3 (Groundball, 34, EV 108.8 MPH)
Batting: LHB Carey Horncole 0-0: Foul Ball, location: 2F
0-1: Foul Ball, location: 2F
0-2: Ground out 4-3 (Groundball, 4, EV 76.9 MPH)
Batting: SHB Bill Dooms 0-0: Called Strike
0-1: Ball
1-1: Ground out 4-3 (Groundball, 4, EV 98.8 MPH)
Bottom of the 5th over - 0 runs, 0 hits, 0 errors, 0 left on base; San Diego 1 - San Francisco 1
TOP OF THE 6TH
San Diego Padres batting - Pitching for San Francisco Giants : RHP Ted Mosley
Batting: RHB Dietmar Warmisch 0-0: Ball
1-0: Ball
2-0: Ball
3-0: Base on Balls
Batting: SHB Phil Zacharia 0-0: Foul Ball, location: 2F
0-1: Ball
1-1: Foul Ball, location: 2F
1-2: Ball
2-2: Ball
3-2: Foul Ball, location: 2F
3-2: Base on Balls
Dietmar Warmisch to second
Batting: RHB Sébastien Piat 0-0: Ball
1-0: Called Strike
1-1: Ball
2-1: Ball
3-1: Swinging Strike
3-2: Strikes out looking
Batting: LHB Mike Holt 0-0: SINGLE (Line Drive, 56D, EV 97.5 MPH)
Dietmar Warmisch to third
Phil Zacharia to second
Batting: RHB Manny Vergara 0-0: Ball
1-0: Ball
2-0: Called Strike
2-1: Foul Ball, location: 2F
2-2: Foul Ball, location: 2F
2-2: Ball
3-2: Base on Balls
Dietmar Warmisch scores
Phil Zacharia to third
Mike Holt to second
Batting: LHB Aaron LeBlanc 0-0: Called Strike
0-1: Ball
1-1: Ball
2-1: Foul Ball, location: 2F
2-2: Ball
3-2: Fly out, F7 (Flyball, 7, EV 89.4 MPH)
Batting: RHB Jorge Severiano 0-0: Ball
1-0: Ball
2-0: Ball
3-0: Called Strike
3-1: Base on Balls
Phil Zacharia scores
Mike Holt to third
Manny Vergara to second
Pitching: RHP Tim Welshman
Batting: LHB Ryan Flynn Jr. 0-0: Ball
1-0: Swinging Strike
1-1: Called Strike
1-2: Ball
2-2: Ground out 4-3 (Groundball, 4, EV 81.2 MPH)
Top of the 6th over - 2 runs, 1 hit, 0 errors, 3 left on base; San Diego 3 - San Francisco 1
BOTTOM OF THE 6TH
San Francisco Giants batting - Pitching for San Diego Padres : RHP Adam Thompson
Batting: LHB Tom Best 0-0: Foul Ball, location: 2F
0-1: Ball
1-1: Foul Ball, location: 2F
1-2: Foul Ball, location: 2F
1-2: Foul Ball, location: 2F
1-2: Ball
2-2: Ball
3-2: Foul Ball, location: 2F
3-2: Base on Balls
Batting: LHB John Blair 0-0: Ball
1-0: Sac Bunt to 2L - play at first, batter OUT! 2-3
Tom Best to second
Batting: RHB Nick Rigden 0-0: Called Strike
0-1: Foul Ball, location: 2F
0-2: Foul Ball, location: 2F
0-2: Ball
Wild Pitch!
Tom Best to third
1-2: Ball
2-2: Ball
3-2: SINGLE (Groundball, 56D, EV 94.4 MPH)
Tom Best scores
Batting: RHB Bobby Ayala 0-0: Ball
Nick Rigden is caught stealing 2nd base 2-4
1-0: Foul Ball, location: 2F
1-1: Foul Ball, location: 2F
1-2: Ball
2-2: Ball
3-2: Fly out, F8 (Flyball, 8LS, EV 80.6 MPH)
Bottom of the 6th over - 1 run, 1 hit, 0 errors, 0 left on base; San Diego 3 - San Francisco 2
TOP OF THE 7TH
San Diego Padres batting - Pitching for San Francisco Giants : RHP Tim Welshman
Batting: RHB Chiel Palstermans 0-0: Called Strike
0-1: Foul Ball, location: 2F
0-2: Ground out 6-3 (Groundball, 56, EV 87.5 MPH)
Batting: RHB Dietmar Warmisch 0-0: Swinging Strike
0-1: Called Strike
0-2: Strikes out swinging
Batting: SHB Phil Zacharia 0-0: Ball
1-0: Foul Ball, location: 2F
1-1: Fly out, F8 (Flyball, 8LXD, EV 96.2 MPH)
Top of the 7th over - 0 runs, 0 hits, 0 errors, 0 left on base; San Diego 3 - San Francisco 2
BOTTOM OF THE 7TH
San Francisco Giants batting - Pitching for San Diego Padres : RHP Adam Thompson
Batting: RHB Sean Zielinski 0-0: Called Strike
0-1: Fly out, F9 (Line Drive, 89M, EV 97.5 MPH)
Batting: LHB Jack Henningar 0-0: Called Strike
0-1: Foul Ball, location: 2F
0-2: Ball
1-2: Ball
2-2: Ball
3-2: Foul Ball, location: 2F
3-2: Strikes out looking
Batting: SHB Ryan Doss 0-0: Called Strike
0-1: Ground out 6-3 (Groundball, 4M, EV 86.2 MPH)
Bottom of the 7th over - 0 runs, 0 hits, 0 errors, 0 left on base; San Diego 3 - San Francisco 2
TOP OF THE 8TH
San Diego Padres batting - Pitching for San Francisco Giants : RHP Tim Welshman
Batting: RHB Sébastien Piat 0-0: Foul Ball, location: 2F
0-1: Swinging Strike
0-2: Ball
1-2: SINGLE (Line Drive, 8RS, EV 103.8 MPH)
Batting: LHB Mike Holt 0-0: Ball
1-0: Swinging Strike
1-1: Ball
Sébastien Piat steals 2nd base
2-1: Intentional Walk
Batting: RHB Manny Vergara 0-0: Called Strike
0-1: Swinging Strike
0-2: Ball
1-2: Strikes out looking
Pitching: LHP Caleb Mullinax
Batting: RHB Jose Morrissey 0-0: Swinging Strike
0-1: Swinging Strike
0-2: Ball
1-2: Ball
2-2: Strikes out swinging
Batting: RHB Jorge Severiano 0-0: Swinging Strike
0-1: Foul Ball, location: 2F
0-2: SINGLE (Groundball, 4MS, EV 69.4 MPH) (infield hit)
Sébastien Piat to third
Mike Holt to second
Batting: LHB Ryan Flynn Jr. 0-0: Foul Ball, location: 2F
0-1: DOUBLE (Flyball, 78D, EV 99.4 MPH)
Sébastien Piat scores
Mike Holt scores
Jorge Severiano to third
Batting: RHB Chiel Palstermans 0-0: Ball
1-0: Called Strike
1-1: Swinging Strike
1-2: Ball
2-2: Strikes out looking
Top of the 8th over - 2 runs, 3 hits, 0 errors, 2 left on base; San Diego 5 - San Francisco 2
BOTTOM OF THE 8TH
San Francisco Giants batting - Pitching for San Diego Padres : RHP Adam Thompson
Batting: LHB Carey Horncole 0-0: Called Strike
0-1: Ball
1-1: Called Strike
1-2: Ball
2-2: Strikes out looking
Batting: SHB Bill Dooms 0-0: Ball
1-0: Foul Ball, location: 2F
1-1: Ball
2-1: Ball
3-1: Foul Ball, location: 2F
3-2: Ground out 3-1 (Groundball, 34S, EV 75.0 MPH)
Batting: LHB Tom Best 0-0: Called Strike
0-1: Ground out 4-3 (Groundball, 4, EV 78.8 MPH)
Bottom of the 8th over - 0 runs, 0 hits, 0 errors, 0 left on base; San Diego 5 - San Francisco 2
TOP OF THE 9TH
San Diego Padres batting - Pitching for San Francisco Giants : LHP Caleb Mullinax
Pitching: RHP Andrew Kindig
Batting: RHB Dietmar Warmisch 0-0: Called Strike
0-1: Ball
1-1: Swinging Strike
1-2: Strikes out swinging
Batting: SHB Phil Zacharia 0-0: Ball
1-0: Foul Ball, location: 2F
1-1: Foul Ball, location: 2F
1-2: Ball
2-2: Ground out 5-3 (Groundball, 56S, EV 83.1 MPH)
Batting: RHB Sébastien Piat 0-0: Ball
1-0: Ball
2-0: Foul Ball, location: 2F
2-1: Called Strike
2-2: Strikes out swinging
Top of the 9th over - 0 runs, 0 hits, 0 errors, 0 left on base; San Diego 5 - San Francisco 2
BOTTOM OF THE 9TH
San Francisco Giants batting - Pitching for San Diego Padres : RHP Adam Thompson
Pitching: RHP Arturo Diaz
Batting: LHB John Blair 0-0: Foul Ball, location: 2F
0-1: Ground out 6-3 (Groundball, 6, EV 76.9 MPH)
Batting: RHB Nick Rigden 0-0: Ball
1-0: Called Strike
1-1: Swinging Strike
1-2: Strikes out swinging
Batting: RHB Bobby Ayala 0-0: Ball
1-0: Foul Ball, location: 2F
1-1: Ball
2-1: Foul Ball, location: 2F
2-2: Foul Ball, location: 2F
2-2: Ball
3-2: Base on Balls
Batting: RHB Sean Zielinski 0-0: 2-RUN HOME RUN (Flyball, 7D, EV 109.4 MPH), Distance : 417 ft
Batting: LHB Jack Henningar 0-0: Ball
1-0: Ball
2-0: Ball
3-0: Called Strike
3-1: Called Strike
3-2: Fly out, F6 (Popup, 4MD, EV 51.9 MPH)
Bottom of the 9th over - 2 runs, 1 hit, 0 errors, 0 left on base; San Diego 5 - San Francisco 4
Thursday, December 15th , 2022 - OOTP Baseball 23.9 Build 102